 Dungeon Crawl Stone Soup version 0.28-a0-503-g83f2989fac (webtiles) character file.

Game seed: 14341434300586509444

0 meatgazer the Skirmisher (level 1, -3/18 HPs)
             Began as a Demonspawn Abyssal Knight on Sept 20, 2021.
             Was a Follower of Lugonu.
             Slain by a small abomination (21 damage)
             ... on level 2 of the Abyss.
             The game lasted 00:00:20 (98 turns).

meatgazer the Skirmisher (Demonspawn Abyssal Knight)  Turns: 98, Time: 00:00:20

Health: -3/18      AC:  3    Str: 13    XL:     1   Next: 0%
Magic:  2/2        EV: 11    Int: 11    God:    Lugonu [*.....]
Gold:   0          SH:  0    Dex: 13    Spells: 0/0 levels left

rFire   . . .      SeeInvis .   a - +1 spear
rCold   . . .      Faith    .   (no shield)
rNeg    . . .      Spirit   .   b - +0 leather armour
rPois   .          Reflect  .   (no helmet)
rElec   .          Harm     .   (no cloak)
rCorr   .          Rampage  .   (no gloves)
Will    .....                   (no boots)
Stlth   +.........              (no amulet)
HPRegen 0.06/turn               (no ring)
MPRegen 0.08/turn               (no ring)

@: no status effects
A: no striking features
a: Renounce Religion, Depart the Abyss


You were on level 2 of the Abyss.
You worshipped Lugonu.
Lugonu was aware of your devotion.
You visited 0 branches of the dungeon, and saw 0 of its levels.
You visited the Abyss 1 time.

Inventory:

Hand Weapons
 a - a +1 spear (weapon)
Armour
 b - a +0 leather armour (worn)


   Skills:
 + Level 3.0 Fighting
 + Level 1.7 Polearms
 + Level 1.7 Armour
 + Level 0.8 Dodging
 + Level 2.4 Invocations


You couldn't memorise any spells.
You didn't know any spells.
Your spell library was empty.

Dungeon Overview and Level Annotations

Branches:
Dungeon (0/15)

Altars:


Message History

Welcome, meatgazer the Demonspawn Abyssal Knight.
The bosom of this dungeon contains the transcendent artefact, the Orb of Zot.
Lugonu says: Depart the Abyss and spread corruption, my servant! (use the ability menu to exit the Abyss) Press ? for a list of commands and other information.
Found a corrupted altar of Lugonu.
Found 23 bolts.
Found a gateway leading deeper into the Abyss.
There is a gateway leading deeper into the Abyss here.
You plunge deeper into the Abyss.
You are suddenly pulled into a different region of the Abyss!
Found a longbow.
You open the door.
There is an open door here.
There is an open door here.
A tentacled starspawn comes into view.
Tentacles burst from the starspawn's body! 2 starspawn tentacles come into view.
A blink frog comes into view.
The blink frog croaks.
Tentacles burst from the starspawn's body! 2 starspawn tentacles come into view.
The blink frog blinks!
The small abomination barely misses you.
An eidolon comes into view.
The eidolon gives a chilling moan.
Tentacles burst from the starspawn's body!
The small abomination hits you!!
Ouch! That really hurt!
You die...

.#.#####. #...#
##### ........#...
## ###...#
#........###.
###..##..
###...###..##.##.
...
#.#####..#.#.......
.. #..##.#.... .. .
# . #..#.## .#...##
# ##x##.Xw. .##
#@....w..#..
#.#W#.####...#
####.## # .. .#...
...## #... ....
..#.## #.. ##


You could see a tentacled starspawn, an eidolon, a small abomination and 2
starspawn tentacles.

Vanquished Creatures (others)
  4 starspawn tentacles (Abyss:2)
4 creatures vanquished.

Notes
Turn   | Place    | Note
-------+----------+-------------------------------------------
     0 | Abyss:1  | meatgazer the Demonspawn Abyssal Knight began the quest for
                  | the Orb.
     0 | Abyss:1  | Reached XP level 1. HP: 18/18 MP: 2/2
    75 | Abyss:2  | Noticed a tentacled starspawn
    79 | Abyss:2  | Noticed a blink frog
    83 | Abyss:2  | Noticed a small abomination
    97 | Abyss:2  | Noticed an eidolon
    98 | Abyss:2  | Slain by a small abomination

Illustrated notes

Levels and vault maps discovered:
Abyss:2:  base: Temple, base: Temple, evilmike_abyss_exit_6,
          evilmike_abyss_exit_10

Action                   || total
-------------------------++-------
Dodge: Dodged            ||     1

Table legend: (Time is in decaauts)
 A = Elapsed time spent in this place.
 B = Non-inter-level travel time spent in this place.
 C = Inter-level travel time spent in this place.
 D = Time resting spent in this place.
 E = Time spent auto-exploring this place.
 F = Levels seen in this place.
 G = Mean time per level.
                   A        B        C        D        E       F      G
               +--------+--------+--------+--------+--------+-----+--------+
         Total |     97 |     97 |      0 |      0 |     64 |   2 |   48.5 |
         Abyss |     97 |     97 |      0 |      0 |     64 |   2 |   48.5 |
               +--------+--------+--------+--------+--------+-----+--------+

Top non-repeatable levels by time:
 Abyss:2: 84 daAuts
 Abyss:1: 13 daAuts
